 Dungeon Crawl Stone Soup version 0.32-a0-995-gb4a59205af (webtiles) character file.

Game seed: 15671237546308774483

256049 PaleRider the Gnoll Aeon (level 19, 0/150 (153) HPs)
             Began as a Gnoll Warper on Apr 22, 2024.
             Was the Champion of Cheibriados.
             Killed from afar by a deep elf sorcerer (51 damage)
             ... with a bolt of acid
             ... on level 2 of the Elven Halls.
             The game lasted 02:33:01 (50492 turns).

PaleRider the Gnoll Aeon (Gnoll Warper)            Turns: 50492, Time: 02:33:02

HP:   0/150 (153)   AC: 27    Str: 35    XL:     19   Next: 80%
MP:   31/37         EV: 22    Int: 33    God:    Cheibriados [******]
Gold: 1016          SH: 26    Dex: 26    Spells: 27/47 levels left

rFire   + + .        c - +4 trident (flame)
rCold   . . .        b - +0 tower shield {reflect}
rNeg    + + .        j - +5 plate armour of Disappointment {rF++ Str+2}
rPois   .            P - +1 helmet {Int+3}
rElec   .            E - +0 cloak of Teghoas {rN++ Regen+ Str+3 Dex-2}
rCorr   .            D - +2 pair of gloves
SInv    .            W - +2 pair of slick slippers {slick, slippery, EV+4}
Will    +....        T - amulet of reflection
Stlth   ++           K - +4 ring of slaying
HPRegen 1.25/turn    (no ring)
MPRegen 0.25/turn

%: reflection
@: corroded, lightly drained, very slow
A: fangs 1, strong nose, distributed training
}: 2/15 runes: decaying, serpentine
a: Renounce Religion, Bend Time, Temporal Distortion, Slouch, Step From Time


You were on level 2 of the Elven Halls.
You worshipped Cheibriados.
Cheibriados was exalted by your worship.
You visited 7 branches of the dungeon, and saw 34 of its levels.
You visited 1 bazaar.

You collected 3514 gold pieces.
You spent 2498 gold pieces at shops.

Inventory:

Hand Weapons
 c - a +4 trident of flaming (weapon)
 U - a +1 trident of venom
Missiles
 d - 4 darts of dispersal
 e - 217 stones
 t - 32 poisoned darts
 B - 19 boomerangs
 I - 4 atropa-tipped darts
 X - 14 javelins
Armour
 b - a +0 tower shield of reflection (worn)
 j - the +5 plate armour of Disappointment (worn) {rF++ Str+2}
   (You bought it in a shop in a bazaar)

   Str+2:     It affects your strength (+2).
   rF++:      It greatly protects you from fire.
 q - the +6 scale mail of the Lotus Blossom {rC+ Will++}
   (You found it on level 7 of the Dungeon)

   rC+:       It protects you from cold.
   Will++:    It greatly increases your willpower.
 D - a +2 pair of gloves (worn)
 E - the +0 cloak of Teghoas (worn) {rN++ Regen+ Str+3 Dex-2}
   (You found it on level 2 of the Swamp)

   Str+3:     It affects your strength (+3).
   Dex-2:     It affects your dexterity (-2).
   rN++:      It greatly protects you from negative energy.
   Regen+:    It increases your rate of health regeneration.
 P - a +1 helmet of intelligence (worn)
 W - the +2 pair of slick slippers (worn) {slick, slippery, EV+4}
   (You bought it in a shop on level 2 of the Orcish Mines)

   Slick:     Its wearer cannot be constricted, engulfed, netted, webbed, or
   stopped by binding sigils.
   Slippery:  Its wearer slips away from damaging melee attacks, pulling the
   attacker onward.
   EV+4:      It affects your evasion (+4).
Jewellery
 r - a ring of resist corrosion
 u - the ring of Mistrust {*Slow rPois EV+5 Dex+6}
   (You bought it in a shop in a bazaar)

   [ring of evasion]

   EV+5:      It affects your evasion (+5).
   Dex+6:     It affects your dexterity (+6).
   rPois:     It protects you from poison.
   *Slow:     It may slow you when you take damage.
 y - a ring of willpower
 H - the ring of the Mage {Wiz Archmagi}
   (You acquired it on level 1 of the Snake Pit)

   [ring of wizardry]

   Wiz:       It improves your spell success rate.
   Archmagi:  It increases the power of your magical spells.
 K - a +4 ring of slaying (left hand)
 T - an amulet of reflection (around neck)
 Z - a ring of protection from cold
Wands
 i - a wand of flame (41)
 F - a wand of digging (7)
 O - a wand of roots (17)
 S - a wand of light (8)
 V - a wand of charming (19)
Scrolls
 a - 7 scrolls of poison
 g - 2 scrolls of enchant weapon
 h - 3 scrolls of immolation
 k - a scroll of fog
 n - a scroll of brand weapon
 s - 4 scrolls of identify
 v - a scroll of torment
 w - 2 scrolls of fear
 x - 6 scrolls of revelation
 A - 6 scrolls of teleportation
 C - 2 scrolls of noise
 N - 2 scrolls of amnesia
 R - 2 scrolls of enchant armour
Potions
 f - a potion of enlightenment
 l - 7 potions of mutation
 m - 4 potions of attraction
 o - 9 potions of curing
 p - 6 potions of might
 z - 8 potions of degeneration
 G - 2 potions of berserk rage
 J - 4 potions of brilliance
 L - 5 potions of cancellation
 M - 4 potions of lignification
 Q - a potion of invisibility
Miscellaneous
 Y - a Gell's gravitambourine (inert) (quivered)


   Skills:
 + Level 14.4 Fighting
 + Level 13.7 Short Blades
 + Level 13.7 Long Blades
 + Level 13.7 Axes
 + Level 13.7 Maces & Flails
 + Level 14.4 Polearms
 + Level 13.7 Staves
 + Level 13.7 Ranged Weapons
 + Level 14.0 Throwing
 + Level 14.0 Armour
 + Level 14.4 Dodging
 + Level 13.7 Stealth
 + Level 13.7 Shields
 + Level 13.7 Unarmed Combat
 + Level 14.6 Spellcasting
 + Level 11.7 Conjurations
 + Level 11.7 Hexes
 + Level 11.7 Summonings
 + Level 11.7 Necromancy
 + Level 12.8 Translocations
 + Level 11.7 Fire Magic
 + Level 11.7 Ice Magic
 + Level 11.7 Air Magic
 + Level 11.7 Earth Magic
 + Level 11.7 Alchemy
 + Level 14.9 Invocations
 + Level 13.7 Evocations
 + Level 12.7 Shapeshifting


You had 27 spell levels left.
You knew the following spells:

 Your Spells              Type           Power      Damage    Failure   Level
a - Apportation           Tloc           100%       N/A       1%          1
b - Blink                 Tloc           100%       N/A       1%          2
c - Vhi's Electric Charg  Tloc/Air       100%       N/A       1%          4
e - Airstrike             Air            39%        2d(6-22)  1%          4
p - Passage of Golubria   Tloc           83%        N/A       1%          4
y - Yara's Violent Unrav  Hex/Alch       39%        3d16      3%          5

Your spell library contained the following spells:

 Spells                   Type           Power      Damage    Failure   Level
 Foxfire                  Conj/Fire      100%       2x1d9     1%          1
 Kiss of Death            Conj/Necr      100%       2d13      1%          1
 Shock                    Conj/Air       100%       1d9       1%          1
 Slow                     Hex            100%       N/A       1%          1
 Jinxbite                 Hex            100%       N/A       1%          2
 Lesser Beckoning         Tloc           100%       N/A       1%          2
 Momentum Strike          Conj/Tloc      100%       3d10      1%          2
 Static Discharge         Conj/Air       100%       3-8/arc   1%          2
 Confusing Touch          Hex            79%        N/A       1%          3
 Maxwell's Portable Pile  Tloc           83%        2d(13-38) 1%          3
 Swiftness                Air            79%        N/A       1%          3
 Teleport Other           Tloc           83%        N/A       1%          3
 Tukima's Dance           Hex            79%        N/A       1%          3
 Vampiric Draining        Necr           79%        2d11      1%          3
 Leda's Liquefaction      Alch/Erth      39%        N/A       1%          4
 Summon Lightning Spire   Summ/Air       79%        N/A       1%          4
 Alistair's Intoxication  Alch           52%        N/A       3%          5
 Iskenderun's Battlesphe  Conj           79%        2d13      3%          5
 Lee's Rapid Deconstruct  Erth           39%        3d19*     3%          5
 Permafrost Eruption      Ice/Erth       39%        2x4d9     21%         6
 Starburst                Conj/Fire      39%        6d11      21%         6


Dungeon Overview and Level Annotations

Branches:
Dungeon (15/15)            Temple (1/1) D:5            Lair (5/5) D:9
  Swamp (4/4) Lair:2        Snake (4/4) Lair:2        Slime (0/5) Lair:4
    Orc (2/2) D:11            Elf (3/3) Orc:2        Vaults (0/5) D:13
 Depths (0/4) D:15

Altars:
Ashenzari
Cheibriados
Dithmenos
Elyvilon
Fedhas
Gozag
Hepliaklqana
Kikubaaqudgha
Makhleb
Nemelex Xobeh
Okawaru
Qazlal
Ru
Trog
Uskayaw
Vehumet
Wu Jian
Xom
Yredelemnul
Zin
The Shining One
Beogh
Jiyva

Shops:
D:5 :   D:7 (   D:15 (!?(   Orc:2 =*([   Elf:1 ?   Elf:2 *   Snake:4 (*

Annotations:
D:2 exclusion: iguana
D:4 Blork the orc
D:10 Fannar
Lair:1 exclusion: 2 oklob plants
Lair:3 3 runed translucent doors, NotYourErnst's ghost, adept OpIE
Swamp:4 1 runed translucent door, Zoigrime's ghost, adept FoFi
Snake:1 1 runed translucent door, Zonian's ghost, adept HOFi


Innate Abilities, Weirdness & Mutations

You have very sharp teeth.
Your uncanny sense of smell can sniff out nearby items.
Your experience applies equally to all skills.


Message History

Unknown command.
Unknown command.
Unknown command.
Unknown command.
Unknown command.
Unknown command.
Unknown command.
Unknown command.
Unknown command.
Unknown command.
Okay, then.
Unknown command.
Unknown command.
Unknown command.
Unknown command.
Aiming: Bolt of Light
Press: ? - help, Shift-Dir - straight line, p - deep elf blademaster Out of range.
Okay, then.
Unknown command.
Non-targeted evoke: Gell's gravitambourine (1/2)
Press: ? - help, Q - select action, (/) - cycle Dir - look around, f - activate
Okay, then.
Non-targeted evoke: Gell's gravitambourine (1/2)
Press: ? - help, Q - select action, (/) - cycle Dir - look around, f - activate
Okay, then.
Non-targeted evoke: Gell's gravitambourine (1/2)
Press: ? - help, Q - select action, (/) - cycle Dir - look around, f - activate
Okay, then.
Unknown command.
Aiming: Gell's Gravitas
Press: ? - help, Dir - move target, p - deep elf blademaster You rattle the tambourine.
Waves of gravity draw inward.
The deep elf sorcerer is pinned by gravity.
The deep elf blademaster is pinned by gravity.
You feel ready to blink again.
The deep elf sorcerer casts a spell at you.
The bolt of acid hits you!!!
You die...
Cheibriados appreciates the motionlessness of death.

## ###.......#####.##
.## #...........# ##'##
..# #.....).....# ##..
.## #........[..####...
## #......[....+..'...
## #.....e..<..####...
.## #......e....# ##..
..# ##.......<.)[# ###
.## ####@.......#'## #
## ##.#'###...####.##
### ## ##...## #####
##)###.. .##
#.....############'#...
..# ##...###.......#
##[... .## ##.##
#.......# #..).. ## ###
#..)....###..... ##
#.......'.'..... .##
#.......###.....


You could see a deep elf blademaster (bound) and a deep elf sorcerer (fast,
empowered, bound).

Vanquished Creatures
  the Lernaean hydra (Swamp:4)
  Nikola (Swamp:1)
  2 tentacled monstrosities
  2 thorn hunters
  The ghost of Geiziwus the Bludgeoner, an adept FoAK of Lugonu (Swamp:2)
  2 fenstrider witches
  6 nagarajas
  A deep elf sorcerer (Elf:1)
  An orc warlord (Orc:2)
  A deep elf demonologist (Orc:2)
  6 eleionomae
  A deep elf death mage (Elf:2)
  2 deep elf annihilators (Elf:1)
  5 bunyips
  A fire dragon (Lair:5)
  Snorg (Lair:5)
  A shambling mangrove (Swamp:3)
  4 vault guards (D:13)
  3 salamander tyrants
  A rakshasa (D:15)
  15 hydras
  9 anacondas
  9 alligators
  2 ogre magi (D:15)
  A ghost crab (Swamp:1)
  11 two-headed ogres
  20 dancing weapons
  4 centaur warriors
  7 boulder beetles
  3 tengu warriors (D:13)
  13 naga sharpshooters
  13 death yaks
  11 shock serpents
  8 naga warriors
  4 orc high priests (Orc:2)
  Urug (Lair:4)
  2 spectral spriggans (Swamp:2)
  20 deep elf knights
  Nergalle (D:10)
  A spectral bunyip (Swamp:2)
  6 goliath frogs
  7 salamander mystics
  2 sea snakes (Snake:4)
  14 swamp dragons
  3 bog bodies
  10 deep elf archers
  9 naga ritualists
  15 mana vipers
  3 spriggan druids
  5 thermic dynamos
  A necromancer (D:15)
  16 deep elf zephyrmancers
  5 orc knights
  A lindwurm (Lair:5)
  22 deep elf pyromancers
  4 ugly things (D:15)
  6 orc sorcerers
  4 cyclopes
  5 manticores
  8 salamanders
  4 elephants (D:9)
  38 black mambas
  3 centaur zombies (D:15)
  5 will-o-the-wisps
  5 guardian serpents
  Joseph (D:8)
  An elephant (shapeshifter) (D:13)
  6 torpor snails
  2 gargoyles
  5 cane toads
  15 naga magi
  A centaur skeleton (D:15)
  11 komodo dragons
  Psyche (D:10)
  A kobold demonologist (D:13)
  An efreet (D:15)
  A spectral death drake (Swamp:2)
  A freezing wraith (D:15)
  2 rime drakes
  3 tengu conjurers
  2 polar bears
  15 tyrant leeches
  3 bloated husks
  8 trolls
  6 dream sheep (Lair:4)
  13 hornets
  10 blink frogs
  20 slime creatures
  Sigmund (D:5)
  A shadow (D:11)
  2 water elementals (Elf:2)
  2 wraiths
  4 air elementals (Elf:1)
  4 spriggans
  A fire elemental (Elf:1)
  4 wyverns
  A fire bat (shapeshifter) (D:14)
  46 yaks
  A warg (D:11)
  A steam dragon (D:6)
  6 vampire mosquitoes
  4 basilisks
  15 swamp worms
  51 nagas
  14 water moccasins
  30 orc warriors
  4 black bears
  A sky beast (shapeshifter) (Elf:1)
  2 boggarts (Elf:1)
  8 swamp drakes (Swamp:4)
  4 centaurs
  11 ogres
  20 wolves
  2 kobold brigands
  A gnoll sergeant (D:8)
  5 bullfrogs
  An earth elemental (Elf:1)
  5 scorpions
  8 wights
  14 killer bees
  4 howler monkeys
  8 electric eels
  3 bombardier beetles
  2 hounds
  18 orc priests
  A gnoll bouda (D:8)
  A jelly (D:8)
  2 sleepcaps
  7 iguanas
  17 orc wizards
  10 gnolls
  10 adders
  2 shadow imps
  2 white imps
  4 ufetubi (D:5)
  2 dart slugs
  3 ribbon worms
  58 orcs
  4 ball pythons
  6 bats
  6 endoplasms
  2 giant cockroaches
  3 goblins
  8 hobgoblins
  4 jackals (D:1)
  7 quokkas
  8 frilled lizards
  16 kobolds
  7 rats
  A butterfly (Lair:5)
1028 creatures vanquished.

Vanquished Creatures (collateral kills)
  A slime creature (D:15)
1 creature vanquished.

Vanquished Creatures (others)
  An occultist (Elf:1)
  A deep elf zephyrmancer (Elf:1)
  A deep elf pyromancer (Elf:1)
  An ugly thing (D:15)
  2 nagas
  An orc wizard (Orc:2)
  19 foxfires
26 creatures vanquished.

Grand Total: 1055 creatures vanquished

Notes
Turn   | Place    | Note
-------+----------+-------------------------------------------
     0 | D:1      | PaleRider the Gnoll Warper began the quest for the Orb.
     0 | D:1      | Reached XP level 1. HP: 20/20 MP: 6/6
    98 | D:1      | Reached XP level 2. HP: 26/26 MP: 7/7
   624 | D:1      | Reached skill level 5 in Spellcasting
   624 | D:1      | Reached XP level 3. HP: 31/31 MP: 7/9
   848 | D:1      | Reached skill level 1 in Invocations
  1021 | D:2      | Found a hide-covered altar of Uskayaw.
  1034 | D:2      | Reached skill level 1 in Short Blades
  1034 | D:2      | Reached skill level 1 in Long Blades
  1034 | D:2      | Reached skill level 1 in Axes
  1034 | D:2      | Reached skill level 1 in Maces & Flails
  1034 | D:2      | Reached skill level 1 in Staves
  1034 | D:2      | Reached skill level 1 in Ranged Weapons
  1034 | D:2      | Reached skill level 1 in Stealth
  1034 | D:2      | Reached skill level 1 in Shields
  1034 | D:2      | Reached skill level 1 in Unarmed Combat
  1034 | D:2      | Reached skill level 1 in Evocations
  1106 | D:2      | Reached skill level 1 in Shapeshifting
  1106 | D:2      | Reached XP level 4. HP: 26/38 MP: 11/11
  1790 | D:2      | Reached skill level 1 in Conjurations
  1790 | D:2      | Reached skill level 1 in Hexes
  1790 | D:2      | Reached skill level 1 in Summonings
  1790 | D:2      | Reached skill level 1 in Necromancy
  1790 | D:2      | Reached skill level 1 in Fire Magic
  1790 | D:2      | Reached skill level 1 in Ice Magic
  1790 | D:2      | Reached skill level 1 in Air Magic
  1790 | D:2      | Reached skill level 1 in Earth Magic
  1790 | D:2      | Reached skill level 1 in Alchemy
  2064 | D:2      | Identified a scroll of acquirement
  2065 | D:2      | Acquired the +7 glaive of Dogoluhy {speed, rF++ rCorr}
  2190 | D:3      | Learned a level 2 spell: Blink
  2240 | D:3      | Found a blossoming altar of Fedhas.
  2508 | D:3      | Reached XP level 5. HP: 43/43 MP: 12/12
  3083 | D:4      | Found a sparkling altar of Nemelex Xobeh.
  3324 | D:4      | Reached XP level 6. HP: 42/50 MP: 13/13
  3420 | D:4      | Reached skill level 5 in Fighting
  3420 | D:4      | Reached skill level 5 in Polearms
  3420 | D:4      | Reached skill level 5 in Dodging
  3631 | D:4      | Identified the +0 leather armour "Geavuul" {rPois Str+3}
  3752 | D:4      | Noticed Blork the orc
  4206 | D:5      | Entered Level 5 of the Dungeon
  4246 | D:5      | Found Kahaem's Book Shoppe.
  4272 | D:5      | Reached XP level 7. HP: 55/56 MP: 15/15
  4431 | D:5      | Noticed Sigmund
  4445 | D:5      | Killed Sigmund
  4598 | D:5      | Found a staircase to the Ecumenical Temple.
  4656 | Temple   | Entered the Ecumenical Temple
  4678 | D:5      | Found a white marble altar of Elyvilon.
  4679 | D:5      | Found a glowing silver altar of Zin.
  4683 | D:5      | Found a glowing golden altar of the Shining One.
  4781 | D:5      | Reached XP level 8. HP: 58/63 MP: 16/16
  5943 | D:7      | Noticed a troll
  6064 | D:7      | Reached XP level 9. HP: 46/69 MP: 18/18
  6225 | D:7      | Found Xubawev's Weapon Emporium.
  6273 | D:7      | Killed a troll
  6386 | D:7      | Noticed a komodo dragon
  6406 | D:7      | Killed a komodo dragon
  6407 | D:7      | Reached skill level 5 in Throwing
  6407 | D:7      | Reached skill level 5 in Armour
  6633 | D:7      | Identified the +6 scale mail of the Lotus Blossom {rC+
                  | Will++}
  7179 | D:8      | Reached skill level 5 in Invocations
  7318 | D:8      | Noticed Joseph
  7331 | D:8      | Killed Joseph
  7407 | D:8      | Found a stormy altar of Qazlal.
  7586 | D:8      | Found a faded altar of an unknown god.
  7586 | D:8      | Found an iron altar of Okawaru.
  7594 | D:8      | Found a broken altar of Ashenzari.
  7596 | D:8      | Found a radiant altar of Vehumet.
  7598 | D:8      | Found a shadowy altar of Dithmenos.
  7674 | D:8      | Reached skill level 5 in Short Blades
  7674 | D:8      | Reached skill level 5 in Long Blades
  7674 | D:8      | Reached skill level 5 in Axes
  7674 | D:8      | Reached skill level 5 in Maces & Flails
  7674 | D:8      | Reached skill level 5 in Staves
  7674 | D:8      | Reached skill level 5 in Ranged Weapons
  7674 | D:8      | Reached skill level 5 in Stealth
  7674 | D:8      | Reached skill level 5 in Shields
  7674 | D:8      | Reached skill level 5 in Unarmed Combat
  7674 | D:8      | Reached skill level 5 in Evocations
  7674 | D:8      | Reached XP level 10. HP: 72/77 MP: 20/20
  7877 | D:8      | Found a shimmering altar of Xom.
  7878 | D:8      | Found a sacrificial altar of Ru.
  8031 | D:9      | Found a snail-covered altar of Cheibriados.
  8038 | D:9      | Became a worshipper of Cheibriados the Contemplative
  8618 | D:9      | Noticed an elephant
  9040 | D:9      | Learned a level 1 spell: Apportation
  9045 | D:9      | Learned a level 4 spell: Vhi's Electric Charge
  9055 | D:9      | Reached * piety under Cheibriados
  9223 | D:9      | Reached skill level 5 in Shapeshifting
  9605 | D:9      | Killed an elephant
  9814 | D:9      | Found a staircase to the Lair.
  9965 | Lair:1   | Entered Level 1 of the Lair of Beasts
  9965 | Lair:1   | Noticed an elephant
  9965 | Lair:1   | Noticed an elephant
  9965 | Lair:1   | Noticed an elephant
  9973 | D:9      | Killed an elephant
 10019 | D:9      | Killed an elephant
 10035 | D:9      | Killed an elephant
 10036 | D:9      | Reached skill level 5 in Conjurations
 10036 | D:9      | Reached skill level 5 in Hexes
 10036 | D:9      | Reached skill level 5 in Summonings
 10036 | D:9      | Reached skill level 5 in Necromancy
 10036 | D:9      | Reached skill level 5 in Fire Magic
 10036 | D:9      | Reached skill level 5 in Ice Magic
 10036 | D:9      | Reached skill level 5 in Air Magic
 10036 | D:9      | Reached skill level 5 in Earth Magic
 10036 | D:9      | Reached skill level 5 in Alchemy
 10036 | D:9      | Reached XP level 11. HP: 31/85 MP: 22/22
 10338 | Lair:1   | Reached ** piety under Cheibriados
 10808 | Lair:1   | Noticed a boulder beetle
 10840 | Lair:1   | Killed a boulder beetle
 10849 | Lair:1   | Learned a level 4 spell: Passage of Golubria
 11107 | Lair:1   | Reached *** piety under Cheibriados
 11508 | Lair:1   | Reached XP level 12. HP: 64/94 MP: 24/24
 12065 | Lair:1   | Found a blossoming altar of Fedhas.
 12130 | Lair:2   | Noticed a boulder beetle
 12176 | Lair:1   | Reached **** piety under Cheibriados
 12452 | Lair:2   | Killed a boulder beetle
 12635 | Lair:2   | Found a staircase to the Swamp.
 13013 | Lair:2   | Found a staircase to the Snake Pit.
 13227 | Lair:2   | Reached ***** piety under Cheibriados
 13876 | Lair:3   | Found a runed translucent gate.
 13876 | Lair:3   | Found a runed translucent gate.
 13876 | Lair:3   | Found a runed translucent gate.
 14034 | Lair:3   | Noticed a death yak
 14035 | Lair:3   | Noticed a death yak
 14035 | Lair:3   | Noticed a death yak
 14035 | Lair:3   | Noticed a death yak
 14146 | Lair:3   | Noticed a death yak
 14165 | Lair:3   | Killed a death yak
 14435 | Lair:4   | Noticed a seven-headed hydra
 14628 | D:10     | Entered Level 10 of the Dungeon
 14659 | D:10     | Noticed Fannar
 14901 | D:10     | Reached XP level 13. HP: 101/101 MP: 26/26
 15017 | D:10     | Noticed Nergalle
 15029 | D:10     | Killed Nergalle
 15484 | D:10     | Noticed Psyche
 15488 | D:10     | Killed Psyche
 15986 | D:11     | Found a staircase to the Orcish Mines.
 16264 | D:11     | You fall into a shaft and drop 2 floors!
 16297 | D:13     | Learned a level 5 spell: Yara's Violent Unravelling
 16302 | D:13     | Learned a level 4 spell: Airstrike
 16719 | D:12     | Found a roughly hewn altar of Beogh.
 16783 | D:12     | Reached skill level 10 in Spellcasting
 16789 | D:12     | Reached ****** piety under Cheibriados
 17107 | Orc:1    | Entered Level 1 of the Orcish Mines
 17682 | Orc:1    | Found a roughly hewn altar of Beogh.
 17790 | Orc:2    | Entered Level 2 of the Orcish Mines
 18090 | Orc:2    | Reached skill level 10 in Fighting
 18090 | Orc:2    | Reached skill level 10 in Polearms
 18090 | Orc:2    | Reached skill level 10 in Dodging
 18227 | Orc:2    | Found Ruck's General Store.
 18382 | Orc:2    | Noticed an orc warlord
 18410 | Orc:2    | Killed an orc warlord
 19020 | Orc:2    | Reached XP level 14. HP: 86/110 MP: 28/28
 19038 | Orc:2    | Reached skill level 10 in Invocations
 19195 | Orc:2    | Found Hexed's Jewellery Boutique.
 19435 | Orc:2    | Found Olla's Antique Weapon Emporium.
 19462 | Orc:2    | Found a staircase to the Elven Halls.
 19658 | Orc:2    | Found Boihueh's Antique Armour Shop.
 19835 | Orc:2    | Bought the +2 pair of slick slippers {slick, slippery,
                  | EV+4} for 864 gold pieces
 19835 | Orc:2    | Found the +2 pair of slick slippers {slick, slippery, EV+4}
 20406 | Lair:3   | Noticed NotYourErnst's ghost (adept OpIE)
 21020 | Lair:4   | Noticed Urug
 21030 | Lair:4   | Killed Urug
 21283 | Lair:4   | Found a viscous altar of Jiyva.
 21284 | Lair:4   | Found a staircase to the Slime Pits.
 21507 | Lair:5   | Entered Level 5 of the Lair of Beasts
 21762 | Lair:5   | Noticed Snorg
 21771 | Lair:5   | Killed Snorg
 21772 | Lair:5   | Reached skill level 10 in Throwing
 21772 | Lair:5   | Reached skill level 10 in Armour
 22994 | Lair:5   | Reached skill level 10 in Translocations
 23170 | Lair:5   | Reached skill level 10 in Short Blades
 23170 | Lair:5   | Reached skill level 10 in Long Blades
 23170 | Lair:5   | Reached skill level 10 in Axes
 23170 | Lair:5   | Reached skill level 10 in Maces & Flails
 23170 | Lair:5   | Reached skill level 10 in Staves
 23170 | Lair:5   | Reached skill level 10 in Ranged Weapons
 23170 | Lair:5   | Reached skill level 10 in Stealth
 23170 | Lair:5   | Reached skill level 10 in Shields
 23170 | Lair:5   | Reached skill level 10 in Unarmed Combat
 23170 | Lair:5   | Reached skill level 10 in Evocations
 23905 | D:12     | Reached XP level 15. HP: 95/118 MP: 19/30
 24484 | D:13     | Found a gate to the Vaults.
 26095 | D:14     | Found a glowing silver altar of Zin.
 26095 | D:14     | Noticed an angel
 26154 | D:15     | Entered Level 15 of the Dungeon
 26251 | D:15     | Found Daurr's Antique Weapon Boutique.
 26263 | D:15     | Found Pileurch's Magic Scroll Shop.
 26567 | D:15     | Bought a scroll of identify for 30 gold pieces
 26567 | D:15     | Bought a scroll of identify for 30 gold pieces
 26612 | D:15     | Found Gaosoa's Distillery.
 27211 | D:15     | Found Unuloare's Weapon Shop.
 27963 | D:15     | Found a staircase to the Depths.
 27997 | D:15     | Reached skill level 10 in Shapeshifting
 28261 | D:15     | Reached XP level 16. HP: 41/126 MP: 18/32
 29073 | Snake:1  | Entered Level 1 of the Snake Pit
 29518 | Snake:1  | Found a runed translucent door.
 29590 | Snake:1  | Acquired the ring of the Mage {Wiz Archmagi}
 29590 | Snake:1  | Found the ring of the Mage {Wiz Archmagi}
 30073 | Snake:1  | Noticed Zonian's ghost (adept HOFi)
 30330 | Snake:2  | You fall into a shaft and drop 1 floor!
 31505 | Snake:2  | Noticed a nagaraja
 31515 | Snake:2  | Killed a nagaraja
 32323 | Snake:2  | Noticed a nagaraja
 32332 | Snake:2  | Killed a nagaraja
 34289 | Snake:3  | Reached XP level 17. HP: 68/135 MP: 16/33
 34605 | Snake:3  | Reached skill level 10 in Conjurations
 34605 | Snake:3  | Reached skill level 10 in Hexes
 34605 | Snake:3  | Reached skill level 10 in Summonings
 34605 | Snake:3  | Reached skill level 10 in Necromancy
 34605 | Snake:3  | Reached skill level 10 in Fire Magic
 34605 | Snake:3  | Reached skill level 10 in Ice Magic
 34605 | Snake:3  | Reached skill level 10 in Air Magic
 34605 | Snake:3  | Reached skill level 10 in Earth Magic
 34605 | Snake:3  | Reached skill level 10 in Alchemy
 35139 | Snake:4  | Entered Level 4 of the Snake Pit
 35368 | Snake:4  | Found Zijog's General Store.
 35606 | Snake:4  | Found Rauhaunn's Antique Weapon Emporium.
 39291 | Snake:4  | Got a serpentine rune of Zot
 39774 | Swamp:1  | Entered Level 1 of the Swamp
 40515 | Swamp:1  | Noticed Nikola
 40536 | Swamp:1  | Killed Nikola
 40712 | Swamp:1  | Reached XP level 18. HP: 143/143 MP: 35/35
 41366 | Swamp:2  | Found a transporter.
 41423 | Swamp:2  | Noticed Geiziwus's ghost (adept FoAK)
 41425 | Swamp:2  | Found a transporter.
 42490 | Swamp:3  | Noticed a tentacled monstrosity
 42503 | Swamp:3  | Killed a tentacled monstrosity
 43334 | Swamp:4  | Entered Level 4 of the Swamp
 43647 | Swamp:4  | Found a runed translucent door.
 43647 | Swamp:4  | Noticed Zoigrime's ghost (adept FoFi)
 44679 | Swamp:4  | Noticed a tentacled monstrosity
 44692 | Swamp:4  | Killed a tentacled monstrosity
 44994 | Swamp:4  | Noticed the 27-headed Lernaean hydra
 45012 | Swamp:4  | Killed the 27-headed Lernaean hydra
 45497 | Swamp:4  | Got a decaying rune of Zot
 45839 | Elf:1    | Entered Level 1 of the Elven Halls
 45971 | Orc:2    | HP: 7/145 [something (10)]
 46430 | Swamp:2  | Identified the +0 cloak of Teghoas {rN++ Regen+ Str+3
                  | Dex-2}
 46495 | Swamp:2  | Killed Geiziwus's ghost
 46502 | Swamp:2  | Reached XP level 19. HP: 136/151 MP: 26/37
 47056 | Elf:1    | Paralysed by an air elemental for 1 turns
 47059 | Elf:1    | Paralysed by an air elemental for 1 turns
 47107 | Elf:1    | Found Qummuno's Magic Scroll Emporium.
 47235 | Elf:1    | Paralysed by an air elemental for 1 turns
 47422 | Elf:1    | Identified the +9 falchion "Zolorph" {flame, rF+++ rC- MP+9
                  | Int-3}
 47569 | Elf:1    | Paralysed by an air elemental for 1 turns
 47697 | Elf:1    | Got the Information on Bruises
 48562 | Elf:2    | Found Sezoed Dur's Overcharged Wands.
 48863 | Elf:2    | Found a runed translucent gate.
 48863 | Elf:2    | Found a runed translucent gate.
 48863 | Elf:2    | Found a runed translucent gate.
 49176 | Elf:2    | HP: 5/153 [burnt (9)]
 50134 | Elf:3    | Entered Level 3 of the Elven Halls
 50155 | Elf:3    | Found a flickering gateway to a bazaar.
 50164 | Bazaar   | Entered a bazaar
 50164 | Bazaar   | Found Yrphona's Antique Armour Boutique.
 50164 | Bazaar   | Found Riaseib's Distillery.
 50182 | Bazaar   | Found Aliunem's Antique Weapon Emporium.
 50194 | Bazaar   | Found Deapn's General Store.
 50206 | Bazaar   | Found Wuwe's Jewellery Emporium.
 50280 | Bazaar   | Bought a pair of runed gloves for 180 gold pieces
 50280 | Bazaar   | Bought a shiny helmet for 180 gold pieces
 50280 | Bazaar   | Bought a jewelled plate armour for 672 gold pieces
 50280 | Bazaar   | Identified the +5 plate armour of Disappointment {rF++
                  | Str+2} (You bought it in a shop in a bazaar)
 50380 | Bazaar   | Bought the ring of Mistrust {*Slow rPois EV+5 Dex+6} for
                  | 542 gold pieces
 50492 | Elf:2    | Killed from afar by a deep elf sorcerer

Illustrated notes

Levels and vault maps discovered:
D:1:      evilmike_arrival_crescent, layout_basic
D:2:      layout_basic, basic_altar, minmay_misc_feat_rows,
          hangedman_glass_garden, amcnicky_mini_rare_corridor_liquid,
          grunt_decor_clamped
D:3:      layout_basic, mainiacjoe_overflow_alcove_2,
          hangedman_abyss_or_decor_lesser_grid, nicolae_elevator_lobby_plus
D:4:      layout_loops_corners, tgw_sif, mainiacjoe_overflow_six_doors_small
D:5:      layout_gridville, good_gods_temple_1, minmay_temple_entry_trees,
          serial_shops, shop, uniq_sigmund, uniq_blork_the_orc
D:6:      layout_rooms
D:7:      layout_gridville, serial_shops, shop, minmay_lizard_king
D:8:      layout_basic, chequers_temple_overflow_minitemple,
          gammafunk_temple_overflow_statue, nicolae_qazlal_style_of_elements,
          uniq_joseph
D:9:      layout_rooms, lemuel_crystal_altar, grunt_lair_entry_orc_guard_hut,
          minmay_orc_keep
D:10:     layout_loops_ring, kennysheep_minor_cross, dk_vineyard_2, uniq_psyche,
          uniq_nergalle, uniq_fannar
D:11:     layout_cross, orc_0_dummy, grunt_decor_junction,
          kennysheep_generic_room_12
D:12:     layout_roguey [special_room_orc]
D:13:     layout_loops_ring, lightli_vaults_fourway_checkpoint, hex_medium
D:14:     layout_loops_ring, zin_angel
D:15:     grunt_enter_depths_magical_seal, layout_long_grid, serial_shops,
          nicolae_diamond_shop, nicolae_shop_industrial_runoff, shop,
          nicolae_shop_statue_plus, hangedman_abyss_or_decor_clamps
Temple:   hellmonk_temple_flake
Lair:1:   layout_chaotic_city, hangedman_tree_tricks, lemuel_fruit_tree
Lair:2:   layout_chaotic_city, minmay_swamp_entry_eels,
          minmay_snake_entry_guardpost_medium, grunt_megastairs_3
Lair:3:   layout_chaotic_city, gammafunk_ghost_icy, beast_lair_carwin_4
Lair:4:   layout_gridlike, slime_entry_1, nicolae_quartered_pool_medium,
          serial_bayou_shore_b, uniq_urug
Lair:5:   wormcave, layout_layer_cave, chequers_serial_rivers_room_a,
          minivault_27, grunt_megastairs_2, lemuel_fruit_fields, uniq_snorg
Swamp:1:  layout_basic_swamp, evilmike_swamp_ruin_rubble_1, uniq_nikola
Swamp:2:  layout_basic_swamp, gammafunk_ghost_mausoleum,
          evilmike_swamp_ruin_house_5, swamp_pool_5
Swamp:3:  layout_basic_swamp, evilmike_swamp_ruin_house_1, swamp_pool_1_2,
          nicolae_swamp_tree_isthmus
Swamp:4:  swamp_old_school, layout_basic_swamp, gammafunk_ghost_grave,
          infiniplex_staircase_pool_2
Snake:1:  layout_rooms, ebering_ghost_reflecting_pool
Snake:2:  layout_chambers
Snake:3:  layout_cave_town, grunt_megastairs_5
Snake:4:  johnstein_snake_rune_scales, layout_rooms, serial_bayou_shore_b,
          minmay_shop_star, serial_bayou_shore_a
Orc:1:    layout_caves, basic_altar
Orc:2:    grunt_orc_gardens, layout_caves, grunt_orc_garden, grunt_orc_garden,
          grunt_orc_garden, grunt_orc_garden
Elf:1:    layout_geoelf_diagonals, serial_shops, nicolae_shop_rolling_square,
          hangedman_elf_disciples, minivault_19, grunt_ministairs_5,
          minmay_elf_annihilation
Elf:2:    elven_hall_of_blades_hangedman_original [nooodl_blade_entry_preview],
          layout_geoelf_octagon, nicolae_shop_overcharged_wands
Elf:3:    grunt_elf_hall_branching, layout_onion_city, basic_altar,
          serial_shops, bzr_entry_dummy, nicolae_elf_elemental_lessons,
          uniq_louise

Skill      XL: |  1  2  3  4  5  6  7  8  9 10 11 12 13 14 15 16 17 18 19 |
---------------+----------------------------------------------------------+-----
Spellcasting   | 5 6 7 8 9 10 11 12 13 14 | 14.6
Invocations    | 1 2 3 4 5 6 7 8 9 10 11 12 13 14 | 14.9
Short Blades   | 1 2 3 5 6 7 8 9 10 11 12 13 | 13.7
Long Blades    | 1 2 3 5 6 7 8 9 10 11 12 13 | 13.7
Axes           | 1 2 3 5 6 7 8 9 10 11 12 13 | 13.7
Maces & Flails | 1 2 3 5 6 7 8 9 10 11 12 13 | 13.7
Staves         | 1 2 3 5 6 7 8 9 10 11 12 13 | 13.7
Ranged Weapons | 1 2 3 5 6 7 8 9 10 11 12 13 | 13.7
Stealth        | 1 2 3 5 6 7 8 9 10 11 12 13 | 13.7
Shields        | 1 2 3 5 6 7 8 9 10 11 12 13 | 13.7
Unarmed Combat | 1 2 3 5 6 7 8 9 10 11 12 13 | 13.7
Evocations     | 1 2 3 5 6 7 8 9 10 11 12 13 | 13.7
Shapeshifting  | 1 2 3 4 5 6 7 8 9 10 11 12 | 12.7
Conjurations   | 1 2 3 4 5 6 7 8 9 10 11 | 11.7
Hexes          | 1 2 3 4 5 6 7 8 9 10 11 | 11.7
Summonings     | 1 2 3 4 5 6 7 8 9 10 11 | 11.7
Necromancy     | 1 2 3 4 5 6 7 8 9 10 11 | 11.7
Fire Magic     | 1 2 3 4 5 6 7 8 9 10 11 | 11.7
Ice Magic      | 1 2 3 4 5 6 7 8 9 10 11 | 11.7
Air Magic      | 1 2 3 4 5 6 7 8 9 10 11 | 11.7
Earth Magic    | 1 2 3 4 5 6 7 8 9 10 11 | 11.7
Alchemy        | 1 2 3 4 5 6 7 8 9 10 11 | 11.7
Throwing       | 3 4 5 6 7 8 9 10 11 12 13 14 | 14.0
Armour         | 3 4 5 6 7 8 9 10 11 12 13 14 | 14.0
Fighting       | 5 6 7 8 9 10 11 12 13 14 | 14.4
Polearms       | 5 6 7 8 9 10 11 12 13 14 | 14.4
Dodging        | 5 6 7 8 9 10 11 12 13 14 | 14.4
Translocations | 6 7 8 9 10 11 12 | 12.8

Action                     |  1- 3 |  4- 6 |  7- 9 | 10-12 | 13-15 | 16-18 | 19-21 || total
---------------------------+-------+-------+-------+-------+-------+-------+-------++-------
  Melee: Spear             |   141 |    51 |       |       |       |    75 |       ||   267
         Bite              |    13 |     6 |    23 |    64 |   216 |   297 |    63 ||   682
         Glaive            |       |    81 |   234 |    29 |       |       |       ||   344
         Halberd           |       |       |       |   597 |   124 |       |       ||   721
         Dagger            |       |       |       |    30 |       |       |       ||    30
         Trident           |       |       |       |       |  1109 |  1699 |   372 ||  3180
         Unarmed           |       |       |       |       |       |    32 |       ||    32
  Throw: Dart              |       |     4 |    11 |    14 |    10 |     3 |       ||    42
         Boomerang         |       |     1 |     1 |    21 |     8 |       |       ||    31
         Stone             |       |       |    22 |     8 |       |       |       ||    30
         Throwing net      |       |       |     2 |     5 |       |       |       ||     7
         Javelin           |       |       |       |       |     4 |    10 |       ||    14
   Cast: Blink             |       |       |       |     6 |    16 |    19 |     8 ||    49
         Passage of Golubr |       |       |       |    10 |    16 |    15 |       ||    41
         Apportation       |       |       |       |     9 |     3 |    17 |     6 ||    35
         Vhi's Electric Ch |       |       |       |     3 |    25 |    49 |    19 ||    96
         Airstrike         |       |       |       |       |   124 |   184 |    35 ||   343
         Yara's Violent Un |       |       |       |       |     3 |     2 |    10 ||    15
 Invoke: Bend Time         |       |       |       |     1 |     1 |     1 |       ||     3
         Temporal Distorti |       |       |       |       |     1 |     1 |       ||     2
         Slouch            |       |       |       |       |       |     2 |       ||     2
  Evoke: Wand              |       |       |       |     1 |     7 |    12 |     5 ||    25
         Gell's gravitambo |       |       |       |       |     1 |     2 |     2 ||     5
    Use: Scroll            |       |     6 |     4 |     5 |     8 |     9 |    10 ||    42
         Potion            |       |       |     2 |     2 |       |     5 |     3 ||    12
   Stab: Sleeping          |     1 |     7 |     1 |     4 |     9 |     8 |    11 ||    41
         Invisible         |       |       |     1 |       |     2 |     2 |     1 ||     6
         Held in net/web   |       |       |     1 |     2 |       |       |       ||     3
         Distracted        |       |       |     1 |     1 |     3 |    10 |     1 ||    16
 Armour: Leather armour    |    54 |    49 |    88 |       |       |       |       ||   191
         Scale mail        |       |       |    24 |   540 |   470 |   606 |    93 ||  1733
         Plate armour      |       |       |       |       |       |       |    18 ||    18
  Dodge: Dodged            |    56 |    41 |   112 |   465 |   769 |  1022 |   102 ||  2567
  Block: Other             |       |       |       |       |    71 |       |       ||    71
         Reflection        |       |       |       |       |    13 |   123 |    34 ||   170
         Buckler           |       |       |       |       |   358 |   574 |       ||   932
         Tower shield      |       |       |       |       |       |   960 |   361 ||  1321

Table legend: (Time is in decaauts)
 A = Elapsed time spent in this place.
 B = Non-inter-level travel time spent in this place.
 C = Inter-level travel time spent in this place.
 D = Time resting spent in this place.
 E = Time spent auto-exploring this place.
 F = Levels seen in this place.
 G = Mean time per level.
                   A        B        C        D        E       F      G
               +--------+--------+--------+--------+--------+-----+--------+
         Total |  67064 |  61725 |   5339 |  14456 |  33246 |  35 | 1916.1 |
       Dungeon |  23296 |  20430 |   2866 |   3643 |  12589 |  15 | 1553.1 |
        Temple |      1 |      1 |      0 |      0 |      0 |   1 |    1.0 |
          Lair |  12569 |  11736 |    833 |   2861 |   6480 |   5 | 2513.8 |
         Swamp |   7838 |   7533 |    305 |   1627 |   3782 |   4 | 1959.5 |
     Snake Pit |  13651 |  12997 |    654 |   4261 |   6228 |   4 | 3412.8 |
  Orcish Mines |   3941 |   3587 |    354 |   1424 |   1397 |   2 | 1970.5 |
   Elven Halls |   5238 |   4913 |    325 |    638 |   2770 |   3 | 1746.0 |
        Bazaar |    526 |    526 |      0 |      0 |      0 |   1 |  526.0 |
               +--------+--------+--------+--------+--------+-----+--------+

Top non-repeatable levels by time:
 Snake:3: 4420 daAuts
 Snake:2: 3971 daAuts
  Lair:5: 3287 daAuts
 Snake:4: 3193 daAuts
   Orc:2: 3107 daAuts
    D:15: 2945 daAuts
  Lair:2: 2888 daAuts
 Swamp:4: 2831 daAuts
  Lair:1: 2800 daAuts
   Elf:2: 2797 daAuts
   Elf:1: 2309 daAuts
  Lair:3: 2104 daAuts
 Snake:1: 2066 daAuts
    D:13: 2060 daAuts
    D:10: 2030 daAuts
